 Dungeon Crawl Stone Soup version 0.30-a0-347-gf58ed5266c (webtiles) character file.

Game seed: 17736300768204316630

2184 purpskrrrp the Trooper (level 9, -7/71 HPs)
             Began as a Demonspawn Fighter on Nov 5, 2022.
             Was a Priest of Lugonu.
             Mangled by a komodo dragon (17 damage)
             ... on level 6 of the Dungeon.
             The game lasted 00:13:45 (6784 turns).

purpskrrrp the Trooper (Demonspawn Fighter)         Turns: 6784, Time: 00:13:46

Health: -7/71      AC:  5    Str: 20    XL:     9   Next: 11%
Magic:  18/18      EV: 13    Int:  9    God:    Lugonu [***...]
Gold:   408        SH:  4    Dex: 14    Spells: 8/8 levels left

rFire   + . .      SeeInvis .    a - +2 war axe (flame)
rCold   + . .      Faith    .    (no shield)
rNeg    + . .      Spirit   .    b - +0 scale mail
rPois   +          Reflect  .    u - -2 hat of the Alchemist {rElec rPois rF+ rC+ rN+ Will+ rMut rCorr}
rElec   +          Harm     .    j - scarf {+Inv}
rCorr   +          Rampage  .    (gloves unavailable)
rMut    +                        (no boots)
Will    +....                    (no amulet)
Stlth   ..........               i - +4 ring of evasion
HPRegen 0.31/turn                p - ring of magical power
MPRegen 0.16/turn

@: studying Long Blades
A: large bone plates 1, spiny 1, demonic magic 2, demonic touch 3
a: Renounce Religion, Evoke Invisibility, Depart the Abyss, Banish


You were on level 6 of the Dungeon.
You worshipped Lugonu.
Lugonu was most pleased with you.
You visited 1 branch of the dungeon, and saw 7 of its levels.

You collected 408 gold pieces.

Inventory:

Hand Weapons
 a - a +2 war axe of flaming (weapon)
Armour
 b - a +0 scale mail (worn)
 c - a +0 buckler
 j - a scarf of invisibility (worn)
 k - a +1 buckler of poison resistance
 u - the -2 hat of the Alchemist (worn) {rElec rPois rF+ rC+ rN+ Will+ rMut rCorr}
   (You acquired it on level 7 of the Dungeon)

   rF:        It protects you from fire.
   rC:        It protects you from cold.
   rElec:     It insulates you from electricity.
   rPois:     It protects you from poison.
   rN:        It protects you from negative energy.
   rCorr:     It protects you from acid and corrosion.
   rMut:      It protects you from mutation.
   Will:      It increases your willpower.
Jewellery
 i - a +4 ring of evasion (left hand)
 p - a ring of magical power (right hand)
 r - a ring of see invisible
 w - a ring of protection from cold
Wands
 q - a wand of iceblast (10)
 z - a wand of mindburst (33)
Scrolls
 l - 2 scrolls of vulnerability
 s - a scroll of summoning {unknown}
 x - 2 scrolls of teleportation
 y - a scroll of enchant armour {unknown}
Potions
 d - a potion of might
 e - 2 potions of lignification {unknown}
 f - 3 potions of mutation
 g - 3 potions of brilliance
 h - 4 potions of attraction {unknown}
 m - a potion of ambrosia {unknown}
 n - a potion of curing {unknown}
 o - a potion of magic {unknown}
 t - a potion of berserk rage {unknown}
 A - a potion of haste {unknown}


   Skills:
 + Level 6.7 Fighting
 + Level 5.7 Axes
 + Level 6.1 Armour
 + Level 6.1 Shields


You had 8 spell levels left.
You didn't know any spells.
Your spell library contained the following spells:

 Spells                   Type           Power      Damage    Failure   Level
 Foxfire                  Conj/Fire      0%         2x1d4     71%         1
 Kindle Blastsparks       Fire/Tloc/Air  0%         2d10      97%         3
 Starburst                Conj/Fire      0%         6d3       100%        6
 Ignition                 Fire           0%         3d3       100%        8


Dungeon Overview and Level Annotations

Branches:
Dungeon (7/15)             Temple (0/1) D:7

Altars:
Lugonu

Annotations:
D:5 1 transporter, Darkkill's ghost, novice MiHu
D:6 1 runed translucent door, Crazy Yiuf


Innate Abilities, Weirdness & Mutations

You are partially covered in large bone plates. (SH +4)
You are partially covered in sharp spines.
Spells you cast may paralyse nearby enemies.
Your touch may irresistibly damage your foes and sap their willpower.


Message History

A komodo dragon is nearby!
The komodo dragon hisses angrily.
The komodo dragon hisses menacingly.
You barely miss the komodo dragon.
The komodo dragon is struck by your spines.
The komodo dragon bites you but does no damage.
You hit the komodo dragon. You burn the komodo dragon.
You punch the komodo dragon, but do no damage.
The komodo dragon is moderately wounded.
The komodo dragon bites you! The komodo dragon closely misses you.
You hit the komodo dragon. You burn the komodo dragon.
The komodo dragon is moderately wounded.
The komodo dragon barely misses you.
You barely miss the komodo dragon.
The komodo dragon is moderately wounded.
You block the komodo dragon's attack.
You hit the komodo dragon but do no damage.
The komodo dragon is moderately wounded.
You block the komodo dragon's attack.
You hit the komodo dragon. You burn the komodo dragon.
The komodo dragon is heavily wounded.
The komodo dragon bites you but does no damage.
The komodo dragon is struck by your spines.
The komodo dragon bites you!
You barely miss the komodo dragon.
The komodo dragon is heavily wounded.
The komodo dragon bites you!!
* * * LOW HITPOINT WARNING * * *
You hit the komodo dragon. You burn the komodo dragon.
The komodo dragon is severely wounded.
The komodo dragon misses you.
Okay, then.
Okay, then.
The komodo dragon attacks as you move away!
The komodo dragon bites you!
* * * LOW HITPOINT WARNING * * *
You barely miss the komodo dragon. Your touch misses the komodo dragon.
The komodo dragon is severely wounded.
The komodo dragon bites you!
You die...

..#.....# #....#'####
#########. ........#
#.........####.........
.##.....#
#............#.........
#..#....#
#............#.........
###.##.##
#............#.........
..##.#.#
#.........####.........
#...#..# #..#.#.####
########## #.##..##
#..#..<############## #
.....##
#..###@.............# #
.#####
#.....l.........[...# #
##
#..####.............# #
##...##.............###
###....)[..........##.
#......############.
#.......### ##.
#.........# #..
#......##.# #.#


You could see a komodo dragon.

Vanquished Creatures
  A cyclops (D:6)
  Eustachio (D:6)
  2 water moccasins
  3 black bears (D:6)
  2 ogres (D:5)
  A centaur (D:6)
  A phantom (D:5)
  A kobold brigand (D:7)
  A bullfrog (D:7)
  A necrophage (D:6)
  2 scorpions
  2 howler monkeys
  2 hounds (D:5)
  An orc priest (D:6)
  An iguana (D:5)
  Natasha (twice) (D:3)
  An orc wizard (D:6)
  4 gnolls (D:4)
  7 adders
  A shadow imp (D:5)
  2 white imps (D:5)
  An ufetubus (D:5)
  4 worms
  9 dart slugs
  13 orcs
  7 endoplasms
  4 giant cockroaches
  3 hobgoblins
  2 jackals (D:2)
  8 quokkas
  4 ball pythons
  10 bats
  7 frilled lizards
  8 goblins
  3 kobolds
  10 rats
132 creatures vanquished.

Notes
Turn   | Place    | Note
-------+----------+-------------------------------------------
     0 | D:1      | purpskrrrp the Demonspawn Fighter began the quest for the
                  | Orb.
     0 | D:1      | Reached XP level 1. HP: 18/18 MP: 1/1
   201 | D:1      | Gained mutation: Your touch may inflict minor irresistible
                  | damage on your foes. [demonic ancestry]
   201 | D:1      | Reached XP level 2. HP: 22/24 MP: 2/2
   354 | D:1      | Found a faded altar of an unknown god.
   937 | D:1      | Prayed at the altar of an unknown god.
   937 | D:1      | Became a worshipper of Lugonu the Unformed
   937 | D:1      | Reached * piety under Lugonu
   937 | D:1      | Reached ** piety under Lugonu
  1011 | D:2      | Gained mutation: Your touch may inflict irresistible damage
                  | on your foes. [demonic ancestry]
  1011 | D:2      | Reached XP level 3. HP: 29/29 MP: 3/3
  1176 | D:2      | Found the +1 Delatra's gloves {ID++}
  1814 | D:3      | Reached XP level 4. HP: 35/35 MP: 4/4
  2338 | D:3      | Noticed Natasha
  2359 | D:3      | Killed Natasha
  2695 | D:3      | Noticed Natasha
  2701 | D:3      | Killed Natasha
  2702 | D:3      | Gained mutation: You are partially covered in sharp spines.
                  | [demonic ancestry]
  2702 | D:3      | Reached XP level 5. HP: 42/42 MP: 5/5
  2771 | D:4      | Noticed a water moccasin
  2781 | D:4      | Killed a water moccasin
  2781 | D:4      | Reached *** piety under Lugonu
  2783 | D:4      | Gained mutation: Your touch may irresistibly damage your
                  | foes and sap their willpower. [demonic ancestry]
  2783 | D:4      | Reached XP level 6. HP: 12/48 MP: 6/6
  4072 | D:5      | Entered Level 5 of the Dungeon
  4072 | D:5      | Identified the +7 dire flail of the Unliving {vorpal, rCorr
                  | Dex+3}
  4072 | D:5      | Noticed Darkkill's ghost (novice MiHu)
  4072 | D:5      | Found a transporter.
  4330 | D:5      | Gained mutation: Spells you cast may paralyse adjacent
                  | enemies. [demonic ancestry]
  4330 | D:5      | Reached XP level 7. HP: 55/55 MP: 7/7
  4524 | D:5      | Reached skill level 5 in Fighting
  4781 | D:5      | You fall into a shaft and drop 2 floors!
  4781 | D:7      | Found a staircase to the Ecumenical Temple.
  4782 | D:7      | Identified a scroll of acquirement
  4782 | D:7      | Acquired the -2 hat of the Alchemist {rElec rPois rF+ rC+
                  | rN+ Will+ rMut rCorr}
  4782 | D:7      | Found the -2 hat of the Alchemist {rElec rPois rF+ rC+ rN+
                  | Will+ rMut rCorr}
  5466 | D:6      | Got the Folio of Ignition
  5495 | D:6      | Reached skill level 5 in Armour
  5495 | D:6      | Reached skill level 5 in Shields
  5495 | D:6      | Gained mutation: You are partially covered in large bone
                  | plates. (SH +4) [demonic ancestry]
  5495 | D:6      | Reached XP level 8. HP: 63/63 MP: 8/8
  5633 | D:6      | Noticed Eustachio
  5643 | D:6      | Killed Eustachio
  5745 | D:6      | Found a runed translucent door.
  5746 | D:6      | Noticed Crazy Yiuf
  6085 | D:6      | Noticed a cyclops
  6089 | D:6      | Reached skill level 5 in Axes
  6227 | D:6      | Killed a cyclops
  6228 | D:6      | Gained mutation: Spells you cast may paralyse nearby
                  | enemies. [demonic ancestry]
  6228 | D:6      | Reached XP level 9. HP: 47/71 MP: 9/9
  6312 | D:6      | Noticed a komodo dragon
  6317 | D:6      | HP: 2/71 [komodo dragon (24)]
  6784 | D:6      | Mangled by a komodo dragon

Illustrated notes

Levels and vault maps discovered:
D:1:      matt_arrival_refuge, layout_loops_corners, basic_ecumenical_altar,
          dreamdust_mushroom_princess, minmay_splitting_lines, minmay_distorted
D:2:      layout_rooms
D:3:      layout_loops_corners, gup_sewer_entry_spiral, minmay_ruptured,
          uniq_natasha
D:4:      kennysheep_slugbush, layout_layer_cave
D:5:      layout_basic, gammafunk_ghost_smash, enter_ossuary_5
D:6:      layout_basic, minmay_manual_mess, uniq_crazy_yiuf_cottage,
          uniq_eustachio
D:7:      minmay_clustersquares, layout_loops_cross,
          minmay_temple_entry_statues_fountains, enter_bailey_4,
          dreamdust_princess_bridge, uniq_pikel

Skill      XL: |  1  2  3  4  5  6  7  8 |
---------------+-------------------------+-----
Axes           | 2 3 4 5 |  5.7
Shields        | 3 4 5 6 |  6.1
Armour         | 3 4 5 6 |  6.1
Fighting       | 4 5 6 |  6.7

Action                   |  1- 3 |  4- 6 |  7- 9 || total
-------------------------+-------+-------+-------++-------
Melee: War axe           |   158 |   135 |    95 ||   388
       Touch             |       |     7 |    16 ||    23
       Punch             |       |       |     1 ||     1
Invok: Banish            |       |     1 |       ||     1
  Use: Scroll            |     6 |       |     9 ||    15
       Potion            |       |     1 |     2 ||     3
Armor: Scale mail        |    67 |    45 |    26 ||   138
Dodge: Dodged            |   111 |   100 |    67 ||   278
Block: Buckler           |    47 |    25 |       ||    72
       Other             |       |       |     9 ||     9

Table legend: (Time is in decaauts)
 A = Elapsed time spent in this place.
 B = Non-inter-level travel time spent in this place.
 C = Inter-level travel time spent in this place.
 D = Time resting spent in this place.
 E = Time spent auto-exploring this place.
 F = Levels seen in this place.
 G = Mean time per level.
                   A        B        C        D        E       F      G
               +--------+--------+--------+--------+--------+-----+--------+
         Total |   6982 |   6758 |    224 |    602 |   4917 |   7 |  997.4 |
       Dungeon |   6982 |   6758 |    224 |    602 |   4917 |   7 |  997.4 |
               +--------+--------+--------+--------+--------+-----+--------+

Top non-repeatable levels by time:
     D:5: 1572 daAuts
     D:4: 1321 daAuts
     D:3: 1321 daAuts
     D:6: 1131 daAuts
     D:1: 996 daAuts
     D:2: 600 daAuts
     D:7: 38 daAuts
